| TOP OF THE 1ST |
|
Columbus Clippers batting - Pitching for Tacoma Rainiers : RHP Justin Lee
|
|
Pitching: RHP Justin Lee
|
|
|
Batting: LHB John Harring
|
0-0: Called Strike 0-1: Ball 1-1: Ball 2-1: Ball 3-1: Base on Balls
|
|
Batting: LHB Corey Trevor
|
0-0: Foul Ball, location: 2F 0-1: Ball John Harring steals 2nd base 1-1: Swinging Strike 1-2: Ball 2-2: Foul Ball, location: 2F 2-2: Ball 3-2: Ground out 5-3 (Groundball, 5L, EV 82.5 MPH)
|
|
Batting: RHB Christian Blue
|
0-0: Called Strike 0-1: Called Strike 0-2: Foul Ball, location: 2F 0-2: Ball 1-2: Strikes out swinging
|
|
Batting: RHB John Shaffer
|
0-0: Called Strike 0-1: 2-RUN HOME RUN (Flyball, 9LD, EV 91.2 MPH), Distance : 339 ft
|
|
Batting: RHB Chris Folse
|
0-0: Foul Ball, location: 2F 0-1: Ball 1-1: Ball 2-1: Foul Ball, location: 2F 2-2: Ball 3-2: Strikes out looking
|
| Top of the 1st over - 2 runs, 1 hit, 0 errors, 0 left on base; Columbus 2 - Tacoma 0 |
| BOTTOM OF THE 1ST |
|
Tacoma Rainiers batting - Pitching for Columbus Clippers : RHP Paul Lewis
|
|
Pitching: RHP Paul Lewis
|
|
|
Batting: LHB Caleb Domino
|
0-0: Called Strike 0-1: Ground out 6-3 (Groundball, 6D, EV 104.4 MPH)
|
|
Batting: RHB Brad Robidas
|
0-0: Ball 1-0: Ball 2-0: Fly out, F8 (Flyball, 8LM, EV 88.8 MPH)
|
|
Batting: RHB Harutomi Matsubara
|
0-0: Ball 1-0: Foul Ball, location: 2F 1-1: Swinging Strike 1-2: SINGLE (Groundball, 34, EV 103.8 MPH)
|
|
Batting: LHB Ryan Lowe
|
0-0: Ball Harutomi Matsubara steals 2nd base (no throw) 1-0: Foul Ball, location: 2F 1-1: SINGLE (Line Drive, 3D, EV 100.6 MPH) Harutomi Matsubara to third Runner from 3rd tries for Home, throw by RF and OUT! 9-2
|
| Bottom of the 1st over - 0 runs, 2 hits, 0 errors, 1 left on base; Columbus 2 - Tacoma 0 |
| TOP OF THE 2ND |
|
Columbus Clippers batting - Pitching for Tacoma Rainiers : RHP Justin Lee
|
|
Batting: RHB Armando Galindo
|
0-0: Ball 1-0: Fly out, F3 (Popup, 3F, EV 76.9 MPH)
|
|
Batting: SHB Mike Gross
|
0-0: Ball 1-0: Swinging Strike 1-1: Reached on error, E1 (Groundball, 15S, EV 66.2 MPH)
|
|
Batting: RHB Chris Diaz
|
0-0: Called Strike 0-1: Fly out, F4 (Popup, 4D, EV 73.1 MPH)
|
|
Batting: LHB John Dietrich
|
0-0: Ball 1-0: Ball 2-0: Ground out 6-3 (Groundball, 56D, EV 88.8 MPH)
|
| Top of the 2nd over - 0 runs, 0 hits, 1 error, 1 left on base; Columbus 2 - Tacoma 0 |
| BOTTOM OF THE 2ND |
|
Tacoma Rainiers batting - Pitching for Columbus Clippers : RHP Paul Lewis
|
|
Batting: RHB Rick Ellis
|
0-0: Called Strike 0-1: Fly out, F3 (Popup, 34, EV 76.2 MPH)
|
|
Batting: RHB Bill Vives
|
0-0: Foul Ball, location: 2F 0-1: Foul Ball, location: 2F 0-2: Strikes out swinging
|
|
Batting: RHB Kevin Chafe
|
0-0: Called Strike 0-1: Called Strike 0-2: Ball 1-2: Strikes out swinging
|
| Bottom of the 2nd over - 0 runs, 0 hits, 0 errors, 0 left on base; Columbus 2 - Tacoma 0 |
| TOP OF THE 3RD |
|
Columbus Clippers batting - Pitching for Tacoma Rainiers : RHP Justin Lee
|
|
Batting: LHB John Harring
|
0-0: Ball 1-0: Ground out 4-3 (Groundball, 34, EV 100.6 MPH)
|
|
Batting: LHB Corey Trevor
|
0-0: Foul Ball, location: 2F 0-1: Foul Ball, location: 2F 0-2: Ball 1-2: Fly out, F8 (Flyball, 8LD, EV 86.9 MPH)
|
|
Batting: RHB Christian Blue
|
0-0: Called Strike 0-1: Foul Ball, location: 2F 0-2: Ball 1-2: Ball 2-2: Strikes out looking
|
| Top of the 3rd over - 0 runs, 0 hits, 0 errors, 0 left on base; Columbus 2 - Tacoma 0 |
| BOTTOM OF THE 3RD |
|
Tacoma Rainiers batting - Pitching for Columbus Clippers : RHP Paul Lewis
|
|
Batting: RHB Tatsunori Hayakawa
|
0-0: Ball 1-0: Ball 2-0: Ball 3-0: Base on Balls
|
|
Batting: LHB Ignacio Bernal
|
0-0: Called Strike 0-1: Foul Ball, location: 2F 0-2: Foul Ball, location: 2F 0-2: Ball 1-2: Grounds into double play, 4-6-3 (Groundball, 4, EV 92.5 MPH)
|
|
Batting: LHB Caleb Domino
|
0-0: Ball 1-0: Foul Ball, location: 2F 1-1: Reached on error, E6 (Groundball, 6M, EV 108.1 MPH)
|
|
Batting: RHB Brad Robidas
|
0-0: Ball 1-0: Ball 2-0: Ball 3-0: Base on Balls
|
|
Batting: RHB Harutomi Matsubara
|
0-0: Ball 1-0: Ball 2-0: Called Strike 2-1: Fly out, F8 (Line Drive, 8LM, EV 83.1 MPH)
|
| Bottom of the 3rd over - 0 runs, 0 hits, 1 error, 2 left on base; Columbus 2 - Tacoma 0 |
| TOP OF THE 4TH |
|
Columbus Clippers batting - Pitching for Tacoma Rainiers : RHP Justin Lee
|
|
Batting: RHB John Shaffer
|
0-0: Ball 1-0: Ground out U3 (Groundball, 3S, EV 75.6 MPH)
|
|
Batting: RHB Chris Folse
|
0-0: Ball 1-0: Called Strike 1-1: Swinging Strike 1-2: Foul Ball, location: 2F 1-2: SINGLE (Groundball, 6MD, EV 106.2 MPH)
|
|
Batting: RHB Armando Galindo
|
0-0: Called Strike 0-1: Ball 1-1: Ball 2-1: SINGLE (Groundball, 6D, EV 105.0 MPH) Chris Folse to second
|
|
Batting: SHB Mike Gross
|
0-0: Foul Ball, location: 2F 0-1: Ball 1-1: 3-RUN HOME RUN (Flyball, 9D, EV 100.0 MPH), Distance : 367 ft
|
|
Pitching: RHP Kenzaburo Yoneyama
|
|
|
Batting: RHB Chris Diaz
|
0-0: DOUBLE (Line Drive, 5D, EV 99.4 MPH)
|
|
Batting: LHB John Dietrich
|
0-0: Fly out, F8 (Flyball, 8RD, EV 78.1 MPH)
|
|
Batting: LHB John Harring
|
0-0: Called Strike 0-1: Ball 1-1: Fly out, F5 (Popup, 5DF, EV 72.5 MPH)
|
| Top of the 4th over - 3 runs, 4 hits, 0 errors, 1 left on base; Columbus 5 - Tacoma 0 |
| BOTTOM OF THE 4TH |
|
Tacoma Rainiers batting - Pitching for Columbus Clippers : RHP Paul Lewis
|
|
Batting: LHB Ryan Lowe
|
0-0: Called Strike 0-1: Ball 1-1: Swinging Strike 1-2: Ball 2-2: Ball 3-2: Base on Balls
|
|
Batting: RHB Rick Ellis
|
0-0: Called Strike 0-1: Ball 1-1: Ball 2-1: Single, Error in OF, E9, batter to second base (Line Drive, 34D, EV 99.4 MPH) Ryan Lowe to third
|
|
Batting: RHB Bill Vives
|
0-0: Swinging Strike 0-1: Foul Ball, location: 2F 0-2: Ball 1-2: Strikes out swinging
|
|
Batting: RHB Kevin Chafe
|
0-0: Ball 1-0: DOUBLE (Flyball, 8RXD, EV 97.5 MPH) Ryan Lowe scores Rick Ellis scores
|
|
Batting: RHB Tatsunori Hayakawa
|
0-0: Swinging Strike 0-1: Ball 1-1: Foul Ball, location: 2F 1-2: SINGLE (Groundball, 4M, EV 108.1 MPH) (infield hit) Kevin Chafe to third
|
|
Batting: LHB Ignacio Bernal
|
0-0: Called Strike 0-1: Foul Ball, location: 2F 0-2: Strikes out swinging
|
|
Batting: LHB Caleb Domino
|
0-0: Ball 1-0: Ball 2-0: Ball 3-0: Base on Balls Tatsunori Hayakawa to second
|
|
Batting: RHB Brad Robidas
|
0-0: Ball 1-0: Ball 2-0: Called Strike 2-1: Called Strike 2-2: Ball 3-2: Foul Ball, location: 2F 3-2: Ground out 5-3 (Groundball, 56S, EV 69.4 MPH)
|
| Bottom of the 4th over - 2 runs, 3 hits, 1 error, 3 left on base; Columbus 5 - Tacoma 2 |
| TOP OF THE 5TH |
|
Columbus Clippers batting - Pitching for Tacoma Rainiers : RHP Kenzaburo Yoneyama
|
|
Batting: LHB Corey Trevor
|
0-0: Ball 1-0: Called Strike 1-1: Fly out, F6 (Popup, 6, EV 73.8 MPH)
|
|
Batting: RHB Christian Blue
|
0-0: Foul Ball, location: 2F 0-1: SINGLE (Flyball, 34D, EV 88.8 MPH)
|
|
Batting: RHB John Shaffer
|
0-0: Fly out, F9 (Flyball, 9S, EV 85.6 MPH)
|
|
Batting: RHB Chris Folse
|
0-0: Ball 1-0: Called Strike 1-1: Ball Christian Blue is caught stealing 2nd base 2-4
|
| Top of the 5th over - 0 runs, 1 hit, 0 errors, 0 left on base; Columbus 5 - Tacoma 2 |
| BOTTOM OF THE 5TH |
|
Tacoma Rainiers batting - Pitching for Columbus Clippers : RHP Paul Lewis
|
|
Batting: RHB Harutomi Matsubara
|
0-0: Called Strike 0-1: Ball 1-1: Fly out, F8 (Flyball, 8RD, EV 109.4 MPH)
|
|
Batting: LHB Ryan Lowe
|
0-0: SINGLE (Line Drive, 4MD, EV 95.6 MPH)
|
|
Batting: RHB Rick Ellis
|
0-0: Called Strike 0-1: Fielders Choice at 2nd, 1-6 (Groundball, 13S, EV 65.6 MPH)
|
|
Batting: RHB Bill Vives
|
0-0: Ball 1-0: Ball 2-0: Swinging Strike 2-1: Ball 3-1: Base on Balls Rick Ellis to second
|
|
Batting: RHB Kevin Chafe
|
0-0: Ball 1-0: SINGLE (Groundball, 34D, EV 98.8 MPH) Rick Ellis to third Bill Vives to second Runner from 3rd tries for Home, SAFE, throw by RF to home
|
|
Batting: RHB Tatsunori Hayakawa
|
0-0: Called Strike 0-1: Ball 1-1: Fly out, F5 (Popup, 56, EV 53.8 MPH)
|
| Bottom of the 5th over - 1 run, 2 hits, 0 errors, 2 left on base; Columbus 5 - Tacoma 3 |
| TOP OF THE 6TH |
|
Columbus Clippers batting - Pitching for Tacoma Rainiers : RHP Kenzaburo Yoneyama
|
|
Batting: RHB Chris Folse
|
0-0: Ball 1-0: Ball 2-0: Called Strike 2-1: Ball 3-1: Base on Balls
|
|
Batting: RHB Armando Galindo
|
0-0: Ball 1-0: SINGLE (Line Drive, 9S, EV 91.2 MPH) Chris Folse to second Runner from 2nd tries for 3rd, SAFE, throw by RF made to third
|
|
Batting: SHB Mike Gross
|
0-0: Called Strike 0-1: Ball 1-1: Ball 2-1: Ball 3-1: Fly out, F8 (Flyball, 8RM, EV 81.2 MPH) Runner from 3rd tags up, SCORES, throw by CF
|
|
Batting: RHB Chris Diaz
|
0-0: Ball 1-0: Called Strike 1-1: Foul Ball, location: 2F 1-2: Ball 2-2: Fly out, F7 (Flyball, 78S, EV 89.4 MPH)
|
|
Batting: LHB John Dietrich
|
0-0: Ball 1-0: Ball Armando Galindo steals 2nd base 2-0: Called Strike 2-1: Ball 3-1: Called Strike 3-2: Ground out 5-3 (Groundball, 5, EV 97.5 MPH)
|
| Top of the 6th over - 1 run, 1 hit, 0 errors, 1 left on base; Columbus 6 - Tacoma 3 |
| BOTTOM OF THE 6TH |
|
Tacoma Rainiers batting - Pitching for Columbus Clippers : RHP Paul Lewis
|
|
Batting: LHB Ignacio Bernal
|
0-0: Swinging Strike 0-1: Ball 1-1: Fly out, F7 (Line Drive, 7S, EV 103.1 MPH)
|
|
Batting: LHB Caleb Domino
|
0-0: Called Strike 0-1: Ball 1-1: Foul Ball, location: 2F 1-2: Foul Ball, location: 2F 1-2: Foul Ball, location: 2F 1-2: SINGLE (Line Drive, 8RS, EV 94.4 MPH)
|
|
Pitching: RHP Luis Lorez
|
|
|
Batting: RHB Brad Robidas
|
0-0: Called Strike 0-1: Ball 1-1: Ball 2-1: Foul Ball, location: 2F 2-2: Ball 3-2: Ground out 6-3 (Groundball, 6, EV 85.6 MPH) Caleb Domino to second
|
|
Batting: RHB Harutomi Matsubara
|
0-0: Ball 1-0: Foul Ball, location: 2F 1-1: Ball 2-1: Ball 3-1: Base on Balls
|
|
Batting: LHB Ryan Lowe
|
0-0: Ball 1-0: Swinging Strike 1-1: Ground out 5-3 (Groundball, 6S, EV 85.0 MPH)
|
| Bottom of the 6th over - 0 runs, 1 hit, 0 errors, 2 left on base; Columbus 6 - Tacoma 3 |
| TOP OF THE 7TH |
|
Columbus Clippers batting - Pitching for Tacoma Rainiers : RHP Kenzaburo Yoneyama
|
|
Pitching: RHP Victor Cervantes
|
|
|
Batting: LHB John Harring
|
0-0: Ball 1-0: SINGLE (Groundball, 6MD, EV 99.4 MPH)
|
|
Batting: LHB Corey Trevor
|
0-0: Fly out, F7 (Flyball, 7LS, EV 87.5 MPH)
|
|
Batting: RHB Christian Blue
|
0-0: Foul Ball, location: 2F 0-1: Foul Ball, location: 2F 0-2: SINGLE (Groundball, 56S, EV 69.4 MPH) (infield hit) John Harring to second
|
|
Batting: RHB John Shaffer
|
0-0: Called Strike 0-1: Ball 1-1: Foul Ball, location: 2F 1-2: Strikes out swinging
|
|
Batting: RHB Chris Folse
|
0-0: Swinging Strike 0-1: Foul Ball, location: 2F 0-2: Strikes out swinging
|
| Top of the 7th over - 0 runs, 2 hits, 0 errors, 2 left on base; Columbus 6 - Tacoma 3 |
| BOTTOM OF THE 7TH |
|
Tacoma Rainiers batting - Pitching for Columbus Clippers : RHP Luis Lorez
|
|
Batting: RHB Rick Ellis
|
0-0: Ball 1-0: Swinging Strike 1-1: SINGLE (Groundball, 56D, EV 105.0 MPH)
|
|
Batting: RHB Bill Vives
|
0-0: SINGLE (Groundball, 25, EV 72.5 MPH) (infield hit) Rick Ellis to second
|
|
Batting: RHB Kevin Chafe
|
0-0: Ball 1-0: Ball 2-0: Foul Ball, location: 2F 2-1: Ball 3-1: Fly out, F3 (Line Drive, 3, EV 71.9 MPH) Lined into DP, U3 (Line Drive, 3, EV 75.0 MPH)
|
|
Batting: RHB Tatsunori Hayakawa
|
0-0: Fly out, F8 (Line Drive, 89M, EV 95.6 MPH)
|
| Bottom of the 7th over - 0 runs, 2 hits, 0 errors, 1 left on base; Columbus 6 - Tacoma 3 |
| TOP OF THE 8TH |
|
Columbus Clippers batting - Pitching for Tacoma Rainiers : RHP Victor Cervantes
|
|
Batting: RHB Armando Galindo
|
0-0: Called Strike 0-1: Ball 1-1: Foul Ball, location: 2F 1-2: Ball 2-2: Ball 3-2: Foul Ball, location: 2F 3-2: DOUBLE (Line Drive, 3D, EV 95.6 MPH)
|
|
Batting: SHB Mike Gross
|
0-0: Intentional Walk
|
|
Batting: RHB Chris Diaz
|
0-0: Ball 1-0: Ball 2-0: Ball 3-0: Called Strike 3-1: Bunt missed! 3-2: Fly out, F5 (Popup, 5SF, EV 33.8 MPH)
|
|
Batting: LHB John Dietrich
|
0-0: Ball 1-0: Called Strike 1-1: Ball 2-1: Foul Ball, location: 2F 2-2: Strikes out swinging
|
|
Batting: LHB John Harring
|
0-0: Ball 1-0: Called Strike 1-1: Ball 2-1: Foul Ball, location: 2F 2-2: Foul Ball, location: 2F 2-2: SINGLE (Line Drive, 7LS, EV 93.1 MPH) Armando Galindo to third Mike Gross to second Runner from 3rd tries for Home, SAFE, throw by LF to home
|
|
Batting: LHB Corey Trevor
|
0-0: Foul Ball, location: 2F 0-1: Hit by Pitch Mike Gross to third John Harring to second
|
|
Batting: RHB Christian Blue
|
0-0: Called Strike 0-1: Foul Ball, location: 2F 0-2: Ball 1-2: Strikes out swinging
|
| Top of the 8th over - 1 run, 2 hits, 0 errors, 3 left on base; Columbus 7 - Tacoma 3 |
| BOTTOM OF THE 8TH |
|
Tacoma Rainiers batting - Pitching for Columbus Clippers : RHP Luis Lorez
|
|
Pitching: RHP Tatsuhito Shiota
|
|
|
Batting: LHB Ignacio Bernal
|
0-0: Ground out 4-3 (Groundball, 4, EV 105.0 MPH)
|
|
Batting: LHB Caleb Domino
|
0-0: Called Strike 0-1: SOLO HOME RUN (Flyball, 9LD, EV 94.4 MPH), Distance : 346 ft
|
|
Batting: RHB Brad Robidas
|
0-0: Fly out, F3 (Popup, 3S, EV 71.2 MPH)
|
|
Batting: RHB Harutomi Matsubara
|
0-0: Foul Ball, location: 2F 0-1: Ball 1-1: Swinging Strike 1-2: Ball 2-2: Foul Ball, location: 2F 2-2: Strikes out looking
|
| Bottom of the 8th over - 1 run, 1 hit, 0 errors, 0 left on base; Columbus 7 - Tacoma 4 |
| TOP OF THE 9TH |
|
Columbus Clippers batting - Pitching for Tacoma Rainiers : RHP Victor Cervantes
|
|
Pitching: RHP Dave McGee
|
|
|
Batting: RHB John Shaffer
|
0-0: Ball 1-0: Fly out, F7 (Line Drive, 7S, EV 90.0 MPH)
|
|
Batting: RHB Chris Folse
|
0-0: Foul Ball, location: 2F 0-1: Swinging Strike 0-2: Strikes out swinging
|
|
Batting: RHB Armando Galindo
|
0-0: Called Strike 0-1: Ground out 5-3 (Groundball, 56, EV 82.5 MPH)
|
| Top of the 9th over - 0 runs, 0 hits, 0 errors, 0 left on base; Columbus 7 - Tacoma 4 |
| BOTTOM OF THE 9TH |
|
Tacoma Rainiers batting - Pitching for Columbus Clippers : RHP Tatsuhito Shiota
|
|
Batting: LHB Ryan Lowe
|
0-0: Foul Ball, location: 2F 0-1: Ball 1-1: Foul Ball, location: 2F 1-2: Strikes out looking
|
|
Batting: RHB Rick Ellis
|
0-0: Ball 1-0: Fly out, F8 (Flyball, 8RM, EV 95.6 MPH)
|
|
Batting: RHB Bill Vives
|
0-0: Ball 1-0: Called Strike 1-1: Called Strike 1-2: Strikes out swinging
|
| Bottom of the 9th over - 0 runs, 0 hits, 0 errors, 0 left on base; Columbus 7 - Tacoma 4 |
|